 Dungeon Crawl Stone Soup version 0.29.1-2-gbd0b4ee654 (webtiles) character file.

Game seed: 4385946789087273941

46 mortz the Chopper (level 3, -2/33 HPs)
             Began as a Hill Orc Monk on Nov 12, 2022.
             Slain by Terence
             ... wielding a +0 flail
              (8 damage)
             ... on level 2 of the Dungeon.
             The game lasted 00:05:51 (1350 turns).

mortz the Chopper (Hill Orc Monk)                   Turns: 1350, Time: 00:05:51

Health: -2/33      AC:  3    Str: 15    XL:     3   Next: 66%
Magic:  3/3        EV: 12    Int: 10    God:
Gold:   32         SH:  0    Dex: 13    Spells: 2/2 levels left

rFire   . . .      SeeInvis .   a - +0 hand axe
rCold   . . .      Faith    .   (no shield)
rNeg    + . .      Spirit   .   b - +0 robe
rPois   .          Reflect  .   j - +0 helmet
rElec   .          Harm     .   (no cloak)
rCorr   .          Rampage  .   (no gloves)
Will    .....                   (no boots)
Stlth   ++........              (no amulet)
HPRegen 0.11/turn               e - ring of flight
MPRegen 0.08/turn               m - ring of positive energy

@: flying
A: no striking features
a: no special abilities


You were on level 2 of the Dungeon.
You visited 1 branch of the dungeon, and saw 2 of its levels.

You collected 32 gold pieces.

Inventory:

Hand Weapons
 a - a +0 hand axe (weapon)
Armour
 b - a +0 robe (worn)
 j - a +0 helmet (worn)
Jewellery
 e - a ring of flight (left hand)
 i - a ring of magical power
 m - a ring of positive energy (right hand)
Scrolls
 d - 2 scrolls of teleportation
 f - a scroll of acquirement {unknown}
 k - a scroll of fog {unknown}
 l - a scroll of amnesia {unknown}
 n - a scroll of identify {unknown}
Potions
 c - a potion of ambrosia
 g - 2 potions of curing {unknown}
 h - a potion of might {unknown}


   Skills:
 + Level 4.2 Fighting
 + Level 4.8 Axes
 + Level 2.8 Dodging
 + Level 1.9 Stealth


You had 2 spell levels left.
You didn't know any spells.
Your spell library contained the following spells:

 Spells                   Type           Power      Damage    Failure   Level
 Slow                     Hex            0%         N/A       36%         1


Dungeon Overview and Level Annotations

Branches:
Dungeon (2/15) Zot: 10643

Altars:

Shops:
D:1 [

Annotations:
D:2 Terence


Message History

You now have 32 gold pieces (gained 6).
Found a stone staircase leading down.
A ball python comes into view.
The ball python moves out of view.
You reach down and open the door.
There is an open door here.
Found an escape hatch in the ceiling.
n - a scroll labelled ZOVOINA ZIQYGH Terence the Incautious comes into view.
He is wielding a +0 flail.
Found a scroll labelled SIEFFA LOGIPP.
Terence screams, "I want your blood!"
You hit Terence but do no damage. Terence barely misses you.
You hit Terence.
Terence is lightly wounded.
Terence hits you with a +0 flail.
You hit Terence.
Terence is lightly wounded.
Terence hits you with a +0 flail.
You hit Terence.
Terence is moderately wounded.
Terence hits you with a +0 flail.
You barely miss Terence.
Terence is moderately wounded.
Terence misses you.
You closely miss Terence.
Terence is moderately wounded.
Terence completely misses you.
You hit Terence.
Terence is heavily wounded.
Terence hits you with a +0 flail!
You are too injured to fight recklessly!
You are too injured to fight recklessly!
You hit Terence.
Terence is heavily wounded.
Terence closely misses you. Terence hits you with a +0 flail!
* * * LOW HITPOINT WARNING * * *
You hit Terence.
Terence is severely wounded.
Terence hits you with a +0 flail!
You die...

## #. #. ############# #.
#..@@....?..# #.
####.#########.# #.
#.........# #.# ####.
#.........# #.# #....
#.........# #.####.##. #
#.........####.#....##. .
..<.............'.......
#
.....######....#.#....##.
# ......
......##.#.#....##.


You could see Terence.

Vanquished Creatures
  2 adders (D:2)
  5 bats
  3 endoplasms (D:1)
  3 goblins (D:1)
  2 hobgoblins (D:1)
  2 quokkas
  3 frilled lizards (D:1)
  3 kobolds
  4 rats
27 creatures vanquished.

Vanquished Creatures (others)
  A fungus (D:2)
1 creature vanquished.

Grand Total: 28 creatures vanquished

Notes
Turn   | Place    | Note
-------+----------+-------------------------------------------
     0 | D:1      | mortz the Hill Orc Monk began the quest for the Orb.
     0 | D:1      | Reached XP level 1. HP: 19/19 MP: 1/1
   197 | D:1      | Reached XP level 2. HP: 25/27 MP: 2/2
   357 | D:1      | Found Nufubov's Armour Boutique.
   834 | D:2      | Reached XP level 3. HP: 24/33 MP: 3/3
   977 | D:2      | Found a faded altar of an unknown god.
   983 | D:2      | Got Plato's Grimoire of Spellbinding
  1338 | D:2      | Noticed Terence
  1350 | D:2      | Slain by Terence

Illustrated notes

Levels and vault maps discovered:
D:1:      ncdulo_smallfort, layout_rooms, serial_shops, nicolae_shop_stone,
          chequers_serial_rivers_micro_d, st_stairs_8
D:2:      layout_basic, serial_shops, shop, shapermc_ecumenical_altar_rom_forum,
          uniq_robin, uniq_terence

Skill      XL: |  1  2 |
---------------+-------+-----
Fighting       | 4 |  4.2
Axes           | |  4.8
Dodging        | |  2.8
Stealth        | |  1.9

Action                   || total
-------------------------++-------
Melee: Hand axe          ||    90
       Punch             ||     1
  Use: Scroll            ||     1
 Stab: Sleeping          ||     5
Armor: Robe              ||    26
Dodge: Dodged            ||    53
